 Dungeon Crawl Stone Soup version 0.30.0-16-gbe6223bb7e (webtiles) character file.

Game seed: 3923184425487573343

52 bmack86 the Sneak (level 3, -1/30 HPs)
             Began as a Ghoul Brigand on May 21, 2023.
             Slain by a sky beast (5 damage)
             ... on level 3 of the Dungeon.
             The game lasted 00:07:43 (1693 turns).

bmack86 the Sneak (Ghoul Brigand)                   Turns: 1693, Time: 00:07:44

Health: -1/30      AC:  4    Str: 16    XL:     3   Next: 85%
Magic:  2/2        EV: 11    Int:  6    God:
Gold:   150        SH:  0    Dex: 10    Spells: 2/2 levels left

rFire   . . .        r - +0 hand axe
rCold   + . .        (no shield)
rNeg    + + +        b - +0 robe
rPois   ∞            (no helmet)
rElec   .            c - +0 cloak
rCorr   .            (no gloves)
SInv    .            f - +0 pair of boots
Will    .....        (no amulet)
Stlth   +++          (no ring)
HPRegen 0.00/turn    (no ring)
MPRegen 0.08/turn

%: no passive effects
@: mighty, inhibited regen
A: claws 1, cold resistance 1, negative energy resistance 3, inhibited
regeneration, torment resistance 2, devour on kill
a: no special abilities


You were on level 3 of the Dungeon.
You visited 1 branch of the dungeon, and saw 3 of its levels.

You collected 150 gold pieces.

Inventory:

Hand Weapons
 a - a +2 dagger
 r - a +0 hand axe (weapon)
 s - a +0 arbalest
Missiles
 d - 9 poisoned darts (quivered)
 e - 3 curare-tipped darts
Armour
 b - a +0 robe (worn)
 c - a +0 cloak (worn)
 f - a +0 pair of boots (worn)
Jewellery
 l - a ring of fire
Wands
 q - a wand of acid (8)
Scrolls
 g - a scroll of magic mapping {unknown}
 j - 2 scrolls of vulnerability {unknown}
 k - a scroll of noise {unknown}
 n - a scroll of teleportation {unknown}
Potions
 h - 2 potions of flight
 i - a potion of resistance
 o - a potion of lignification
 p - a potion of curing {unknown}


   Skills:
 + Level 2.7 Fighting
 - Level 2.1 Short Blades
 + Level 0.4 Axes
 + Level 2.2 Throwing
 + Level 1.5 Dodging
 + Level 4.8 Stealth


You had 2 spell levels left.
You didn't know any spells.
Your spell library contained the following spells:

 Spells                   Type           Power      Damage    Failure   Level
 Sandblast                Erth           0%         2d4       45%         1
 Passwall                 Tmut/Erth      0%         N/A       58%         2
 Stone Arrow              Conj/Erth      0%         3d7       83%         3


Dungeon Overview and Level Annotations

Branches:
Dungeon (3/15)

Altars:


Innate Abilities, Weirdness & Mutations

You are immune to poison.
You have sharp fingernails.
Your flesh is cold resistant. (rC+)
You are immune to negative energy. (rN+++)
You do not regenerate when monsters are visible.
You are immune to unholy pain and torment.
You thrive by killing the living.


Message History

You kill the goblin!
Things that are here:
a +0 club; a goblin corpse
Found a scroll of identify.
You now have 150 gold pieces (gained 10).
t - a scroll of identify
As you read the scroll of identify, it crumbles to dust.
o - a potion of lignification You feel very mighty all of a sudden.
The sky beast flickers out of sight!
Deactivating autopickup; reactivate with Ctrl-A.
You closely miss something.
A sky beast appears from thin air!
Reactivating autopickup.
The sky beast hits you but does no damage.
You slash the sky beast!
The sky beast is moderately wounded.
The sky beast barely misses you. x2
You closely miss the sky beast.
The sky beast is moderately wounded.
The sky beast hits you. The sky beast shocks you.
You barely miss the sky beast.
The sky beast is moderately wounded.
The sky beast hits you but does no damage.
You closely miss the sky beast.
The sky beast is moderately wounded.
The sky beast hits you. The sky beast shocks you. The sky beast hits you.
The sky beast shocks you.
* * * LOW HITPOINT WARNING * * *
You hit the sky beast.
The sky beast is heavily wounded.
The sky beast barely misses you.
You closely miss the sky beast.
The sky beast is heavily wounded.
The sky beast closely misses you.
You closely miss the sky beast.
The sky beast is heavily wounded.
The sky beast hits you.
* * * LOW HITPOINT WARNING * * *
The sky beast shocks you.
You die...

.....#.....###..## #.
............##.## ##
...............# ##.
.....?.......### ##..
.............# ###..#
.............#
##..<##
.............#
###..###
............####...##
.....#Y@...##....###
#########..##....#
#.....##....#
#..........##
#...)##....#
#....###...######
#................
#....###...######
#....# #...#


You could see a sky beast.

Vanquished Creatures
  2 adders (D:2)
  A worm (D:2)
  3 endoplasms (D:1)
  3 goblins
  2 hobgoblins (D:1)
  2 jackals (D:1)
  3 kobolds
  A quokka (D:2)
  4 ball pythons
  3 bats
  3 frilled lizards
  5 rats
32 creatures vanquished.

Notes
Turn   | Place    | Note
-------+----------+-------------------------------------------
     0 | D:1      | bmack86 the Ghoul Brigand began the quest for the Orb.
     0 | D:1      | Reached XP level 1. HP: 17/17 MP: 0/0
    61 | D:1      | Reached skill level 1 in Dodging
   189 | D:1      | Reached XP level 2. HP: 25/25 MP: 1/1
   967 | D:2      | Reached XP level 3. HP: 27/30 MP: 2/2
  1625 | D:3      | Noticed a sky beast
  1693 | D:3      | Slain by a sky beast

Illustrated notes

Levels and vault maps discovered:
D:1:      enne_arrival_octagon_isle, layout_rooms, grunt_decor_fettered,
          minmay_unequal
D:2:      layout_basic
D:3:      layout_rooms, grunt_temple_overflow_open

Skill      XL: |  1  2 |
---------------+-------+-----
Dodging        | 1 |  1.5
Short Blades   | 2 |  2.1
Throwing       | 2 |  2.2
Fighting       | |  2.7
Axes           | |  0.4
Stealth        | |  4.8

Action                     || total
---------------------------++-------
  Melee: Dagger            ||    92
         Hand axe          ||    41
         Punch             ||     1
  Throw: Dart              ||    11
    Use: Scroll            ||     4
         Potion            ||     1
   Stab: Sleeping          ||     6
 Armour: Robe              ||    35
  Dodge: Dodged            ||    85
